 Dungeon Crawl Stone Soup version 0.30.0 (webtiles) character file.

Game seed: 5309922921672004270

1381 Ayyar the Chopper (level 8, -7/71 HPs)
             Began as a Minotaur Fighter on May 9, 2023.
             Was a Follower of Okawaru.
             Mangled by an orc warrior
             ... wielding a +0 broad axe
              (15 damage)
             ... in a bailey.
             The game lasted 00:21:47 (5033 turns).

Ayyar the Chopper (Minotaur Fighter)                Turns: 5033, Time: 00:21:47

Health: -7/71      AC: 16    Str: 23    XL:     8   Next: 39%
Magic:  7/7        EV:  6    Int:  5    God:    Okawaru [*.....]
Gold:   541        SH:  5    Dex: 10    Spells: 7/7 levels left

rFire   + . .        a - +1 war axe
rCold   . . .        c - +0 buckler
rNeg    . . .        m - +0 plate armour
rPois   .            (helmet restricted)
rElec   .            G - +0 cloak
rCorr   .            i - +0 pair of gloves
SInv    .            M - +0 pair of boots
Will    .....        (no amulet) Stlth
                     s - ring of protection from fire
HPRegen 0.31/turn    (no ring)
MPRegen 0.10/turn

%: no passive effects
@: mighty, marked
A: horns 2, retaliatory headbutt
a: Renounce Religion, Heroism


You were in a bailey.
You worshipped Okawaru.
Okawaru was aware of your devotion.
You visited 2 branches of the dungeon, and saw 8 of its levels.
You also visited: Sewer and Bailey.

You collected 751 gold pieces.
You spent 210 gold pieces at shops.

Inventory:

Hand Weapons
 a - a +1 war axe (weapon)
Missiles
 D - 7 poisoned darts
 I - 8 atropa-tipped darts
 J - a javelin
 O - 9 boomerangs (quivered)
Armour
 c - a +0 buckler (worn)
 i - a +0 pair of gloves (worn)
 m - a +0 plate armour (worn)
 w - a scarf of shadows
 G - a +0 cloak (worn)
 L - a +1 ring mail of poison resistance
 M - a +0 pair of boots (worn)
Jewellery
 g - a ring of ice
 s - a ring of protection from fire (left hand)
 x - a +6 ring of strength
Wands
 t - a wand of digging (5)
 v - a wand of polymorph (8)
 N - a wand of roots (1)
Scrolls
 e - 3 scrolls of enchant weapon
 f - 3 scrolls of blinking
 h - 2 scrolls of identify
 o - 2 scrolls of amnesia {unknown}
 q - 2 scrolls of vulnerability
 y - a scroll of immolation {unknown}
 z - 2 scrolls of silence {unknown}
 A - a scroll of fog
 E - a scroll of magic mapping
 H - a scroll of brand weapon {unknown}
 K - 2 scrolls of teleportation
Potions
 b - 2 potions of berserk rage
 d - 3 potions of might
 j - 5 potions of brilliance
 k - 4 potions of flight
 l - 2 potions of ambrosia {unknown}
 n - 5 potions of curing
 p - a potion of heal wounds
 r - 3 potions of cancellation
 u - 2 potions of resistance
 B - 2 potions of mutation {unknown}
 C - a potion of haste {unknown}
 F - a potion of lignification {unknown}


   Skills:
 + Level 6.5 Fighting
 * Level 7.5 Axes
 + Level 2.4 Throwing
 + Level 6.6 Armour
 + Level 6.6 Shields


You had 7 spell levels left.
You didn't know any spells.
Your spell library contained the following spells:

 Spells                   Type           Power      Damage    Failure   Level
 Foxfire                  Conj/Fire      0%         2x1d4     100%        1
 Ozocubu's Armour         Ice            0%         N/A       100%        3
 Fireball                 Conj/Fire      0%         3d3       100%        5
 Metabolic Englaciation   Hex/Ice        0%         N/A       100%        5
 Plasma Beam              Fire/Air       0%         2x1d11    100%        6
 Starburst                Conj/Fire      0%         6d3       100%        6
 Ozocubu's Refrigeration  Ice            0%         4d7       100%        7
 Simulacrum               Ice/Necr       Unusable   N/A       N/A         6

Dungeon Overview and Level Annotations

Branches:
Dungeon (7/15)             Temple (1/1) D:5           Sewer (visited)
 Bailey (1/1)

Altars:
Dithmenos
Kikubaaqudgha
Okawaru
Qazlal
Sif Muna

Shops:
D:4 ?   D:5 (

Annotations:
D:1 1 transporter
D:3 2 transporters, cpf86's ghost, amateur FoFi


Innate Abilities, Weirdness & Mutations

You have a pair of horns on your head.
You reflexively headbutt those who attack you in melee.


Message History

You closely miss the orc warrior.
The orc warrior is almost dead.
You hit the orc knight. You block the orc warrior's attack.
You feel very mighty all of a sudden.
The orc warrior hits you with a +0 war axe.
The orc knight hits you with a +0 war axe.
You hit the orc knight but do no damage.
You headbutt the orc knight.
The orc knight is lightly wounded.
You slice the orc warrior!! You barely miss the orc warrior.
The orc warrior hits you with a +0 broad axe.
The orc warrior hits you with a +0 war axe!!
You block the orc knight's attack.
You closely miss the orc knight. You headbutt the orc knight.
The orc knight is moderately wounded.
You closely miss the orc warrior. You hit the orc warrior.
You kill the orc warrior!
Okawaru accepts your kill.
The orc warrior hits you but does no damage.
The orc knight hits you with a +0 war axe.
The orc knight hits you with a +0 war axe!
The orc warrior hits you with a +0 broad axe!
* * * LOW HITPOINT WARNING * * *
You feel much better.
The orc warrior hits you with a +0 broad axe!
* * * LOW HITPOINT WARNING * * *
The orc knight hits you with a +0 war axe.
* * * LOW HITPOINT WARNING * * *
You closely miss the orc knight. You headbutt the orc knight!
The orc knight is moderately wounded.
You hit the orc warrior.
The orc warrior hits you with a +0 broad axe.
* * * LOW HITPOINT WARNING * * *
The orc knight hits you with a +0 war axe.
* * * LOW HITPOINT WARNING * * *
You slash the orc knight! You headbutt the orc knight!
The orc knight is heavily wounded.
You hit the orc warrior but do no damage.
The orc warrior hits you with a +0 broad axe!
You die...

≈≈≈∩#...gKKo#∩≈≈≈≈≈≈~....##
≈##
#....gog####†≈≈~≈≈≈≈≈≈≈#
####K####..#.....≈≈≈≈≈≈≈
.o......###......####
###..'|#.....###
#gg###)......#
#gK#....⌠.....
##o#.........##
#####o@)........##
..............####
#.#############


You could see an orc knight, an orc warrior (strong), a gnoll, a hobgoblin, a
goblin and a kobold.

Vanquished Creatures
  3 orc warriors
  An ogre (D:3)
  A phantom (D:5)
  A bullfrog (D:7)
  5 kobold brigands (Sewer)
  A gnoll sergeant (D:5)
  A hound (D:6)
  An orc priest (D:7)
  Ijyb (D:3)
  2 iguanas
  2 orc wizards (D:7)
  Robin (D:2)
  7 adders
  4 gnolls
  A river rat (D:4)
  An ufetubus (D:5)
  4 worms
  3 dart slugs
  8 orcs
  5 ball pythons
  8 endoplasms
  4 giant cockroaches
  31 goblins
  9 hobgoblins
  3 jackals (D:4)
  A quokka (D:4)
  4 bats
  3 frilled lizards
  32 kobolds
  3 rats
151 creatures vanquished.

Vanquished Creatures (others)
  2 fungi (Sewer)
  4 plants (Sewer)
6 creatures vanquished.

Grand Total: 157 creatures vanquished

Notes
Turn   | Place    | Note
-------+----------+-------------------------------------------
     0 | D:1      | Ayyar the Minotaur Fighter began the quest for the Orb.
     0 | D:1      | Reached XP level 1. HP: 19/19 MP: 0/0
   204 | D:1      | Reached XP level 2. HP: 27/27 MP: 1/1
   690 | D:2      | Reached skill level 3 in Axes
   693 | D:2      | Noticed Robin
   749 | D:2      | Killed Robin
   750 | D:2      | Reached XP level 3. HP: 31/32 MP: 2/2
   815 | D:2      | Found a shadowy altar of Dithmenos.
  1025 | D:2      | Reached XP level 4. HP: 40/40 MP: 3/3
  1365 | D:3      | Noticed an ogre
  1371 | D:3      | Killed an ogre
  1372 | D:3      | Reached skill level 4 in Axes
  1372 | D:3      | Reached XP level 5. HP: 47/47 MP: 4/4
  1551 | D:3      | Noticed Ijyb
  1719 | D:3      | Killed Ijyb
  1720 | D:3      | Reached skill level 5 in Fighting
  1720 | D:3      | Reached skill level 5 in Armour
  1720 | D:3      | Reached skill level 5 in Shields
  1845 | D:3      | Found a transporter.
  1845 | D:3      | Noticed cpf86's ghost (amateur FoFi)
  1863 | D:3      | Found a transporter.
  2400 | D:4      | Found Ludulorch's Magic Scroll Shop.
  2405 | D:4      | Bought a scroll of identify for 24 gold pieces
  2405 | D:4      | Bought a scroll of vulnerability for 48 gold pieces
  2405 | D:4      | Bought a scroll of blinking for 90 gold pieces
  2405 | D:4      | Bought a scroll of fog for 48 gold pieces
  2647 | D:4      | Reached XP level 6. HP: 47/56 MP: 5/5
  2653 | D:4      | Found a glowing drain.
  2669 | Sewer    | Entered a sewer
  2695 | Sewer    | Reached skill level 5 in Axes
  2973 | Sewer    | Reached XP level 7. HP: 39/61 MP: 6/6
  3407 | D:4      | Found a shimmering blue altar of Sif Muna.
  3841 | D:5      | Entered Level 5 of the Dungeon
  3881 | D:5      | Found an iron altar of Okawaru.
  3915 | D:5      | Became a worshipper of Warmaster Okawaru
  3946 | D:5      | Found Ximpef's Firing Range.
  4014 | D:5      | Reached skill level 6 in Axes
  4014 | D:5      | Found an ancient bone altar of Kikubaaqudgha.
  4014 | D:5      | Found a stormy altar of Qazlal.
  4053 | D:5      | Reached skill level 1 in Throwing
  4367 | D:5      | Found a staircase to the Ecumenical Temple.
  4469 | Temple   | Entered the Ecumenical Temple
  4530 | D:7      | Noticed a steam dragon
  4647 | D:7      | Reached XP level 8. HP: 35/70 MP: 7/7
  4715 | D:7      | Reached * piety under Okawaru
  4716 | D:7      | Reached skill level 7 in Axes
  4729 | D:7      | Found a flagged portal.
  4809 | Bailey   | Entered a bailey
  4819 | Bailey   | Noticed an orc knight
  5033 | Bailey   | Mangled by an orc warrior

Illustrated notes

Levels and vault maps discovered:
D:1:      spicycebolla_arrival_risky_transporter, layout_loops_ring
D:2:      layout_rooms, basic_altar, minmay_pentomino_q4, uniq_robin
D:3:      layout_basic, gammafunk_ghost_stat_death, nicolae_titane, uniq_ijyb
D:4:      kennysheep_goblin_castle, layout_basic, lemuel_blue_sif_altar,
          serial_shops, nicolae_shop_hallway_plus, portal_sewer_entry_e,
          hangedman_abyss_or_decor_stagger, chequers_serial_rivers_large_b,
          kennysheep_small_spiral
D:5:      lemuel_ice_spiral_2, layout_basic,
          mainiacjoe_overflow_concentric_impassable,
          mainiacjoe_overflow_large_starburst, minmay_temple_entry_steel_oval,
          nicolae_shop_firing_range
D:6:      layout_rooms, nicolae_dithmenos_shadow_blocks, marbit_many_paths,
          nicolae_overflow_quartered_altars, serial_rivers,
          chequers_serial_rivers_small_3, chequers_serial_rivers_small_3,
          chequers_serial_rivers_small_3, chequers_serial_rivers_small_a,
          chequers_serial_rivers_micro_e, st_stairs_7
D:7:      nicolae_cairo_tiling_large, layout_basic, enter_bailey_3,
          ebering_ghost_rock_garden, kennysheep_dice
Temple:   nicolae_temple_superstar
Bailey:   bailey_axe_4, bailey

Skill      XL: |  1  2  3  4  5  6  7  8 |
---------------+-------------------------+-----
Fighting       | 4 5 6 |  6.5
Armour         | 4 5 6 |  6.6
Shields        | 4 5 6 |  6.6
Axes           | 3 4 5 6 7 |  7.5
Throwing       | 1 2 |  2.4

Action                     |  1- 3 |  4- 6 |  7- 9 || total
---------------------------+-------+-------+-------++-------
  Melee: War axe           |    84 |   141 |    96 ||   321
         Headbutt          |    11 |    15 |    23 ||    49
         Unarmed           |       |     6 |       ||     6
  Throw: Boomerang         |       |       |    33 ||    33
         Dart              |       |       |    25 ||    25
    Use: Scroll            |       |     3 |     7 ||    10
         Potion            |       |     1 |     2 ||     3
 Armour: Scale mail        |    36 |    86 |     8 ||   130
         Skin              |       |     4 |       ||     4
         Plate armour      |       |       |    60 ||    60
  Dodge: Dodged            |    36 |    71 |    42 ||   149
  Block: Buckler           |     9 |    31 |    35 ||    75
